 Dungeon Crawl Stone Soup version 0.26.1-2-gb8aa6d0cf2 (webtiles) character file.

Game seed: 17370913684496795878

50 skwiii the Skirmisher (level 3, 0/33 HPs)
             Began as a Palentonga Abyssal Knight on Feb 17, 2021.
             Was a Follower of Lugonu.
             Succumbed to a kobold's poison
             ... on level 3 of the Dungeon.
             The game lasted 00:02:38 (1923 turns).

skwiii the Skirmisher (Palentonga Abyssal Knight)   Turns: 1923, Time: 00:02:38

Health: 0/33       AC:  4    Str: 16    XL:     3   Next: 55%
Magic:  4/4        EV:  9    Int: 12    God:    Lugonu [*.....]
Gold:   131        SH:  0    Dex:  9    Spells: 2/2 levels left

rFire    . . .     SeeInvis +   a - +1 hand axe
rCold    . . .     Faith    .   (no shield)
rNeg     . . .     Spirit   .   b - +0 leather armour
rPois    .         Reflect  .   (no helmet)
rElec    .         Harm     .   (no cloak)
rCorr    .         Rampage  .   (no gloves)
Will     .....                  (no barding)
Stlth    +.........             (no amulet)
HPRegen  0.11/turn              (no ring)
MPRegen  0.09/turn              (no ring)

@: lethally poisoned (0 -> -11)
A: large, rugged brown scales 3, see invisible, deformed body, roll 1, armoured
tail
a: Rolling Charge, Renounce Religion, Depart the Abyss


You were on level 3 of the Dungeon.
You worshipped Lugonu.
Lugonu was aware of your devotion.
You visited 1 branch of the dungeon, and saw 3 of its levels.
You visited the Abyss 1 time.

You collected 131 gold pieces.

Inventory:

Hand Weapons
 a - a +1 hand axe (weapon)
Armour
 b - a +0 leather armour (worn)
Jewellery
 c - an uncursed ring of protection from fire {unknown}
Wands
 f - a wand of disintegration (2)
Scrolls
 d - a scroll of enchant armour {unknown}
 e - 2 scrolls of remove curse
 j - a scroll of identify {unknown}
Potions
 h - a potion of lignification {unknown}
 i - a potion of curing


   Skills:
 + Level 3.6 Fighting
 + Level 2.3 Axes
 + Level 1.9 Armour
 + Level 1.1 Dodging
 + Level 2.6 Invocations


You had 2 spell levels left.
You didn't know any spells.
Your spell library was empty.

Dungeon Overview and Level Annotations

Branches:
Dungeon (3/15)

Altars:

Annotations:
D:2 Sigmund


Innate Abilities, Weirdness & Mutations

You are completely covered in rugged brown scales. (AC +3, +7% HP)
You have supernaturally acute eyesight. (SInv)
Armour fits poorly on your strangely shaped body.
You can roll at nearby foes to attack.
You have a long armoured tail.


Message History

a +0 dagger; a kobold corpse You barely miss the bat.
* * * LOW HITPOINT WARNING * * *
You feel sick. The bat hits you but does no damage. The bat barely misses you.
The giant cockroach completely misses you.
You closely miss the adder.
You hit the giant cockroach but do no damage.
You closely miss the bat.
* * * LOW HITPOINT WARNING * * *
You feel sick. The bat barely misses you.
The adder bites you but does no damage.
The giant cockroach bites you but does no damage.
The adder bites you.
* * * LOW HITPOINT WARNING * * *
Unknown command.
You slash the giant cockroach!
You kill the giant cockroach!
Lugonu accepts your kill.
You hit the bat. You hit the adder.
You die...

...................
...................
................#.#
..................#
#.................
#.................
##.................
.....>.b...(.......
....K..S@..(.......
...................
........r......$...
...................
................###
.....######......#
..... #........ ...
#........


You could see an adder, a bat, a kobold and a rat.

Vanquished Creatures
  An adder (D:2)
  A worm (D:2)
  3 dart slugs
  A bat (D:2)
  5 giant cockroaches
  7 goblins
  5 hobgoblins
  A ball python (D:1)
  2 frilled lizards (D:1)
  2 kobolds
  3 rats
31 creatures vanquished.

Notes
Turn   | Place    | Note
-------+----------+-------------------------------------------
     0 | Abyss:1  | skwiii the Palentonga Abyssal Knight began the quest for
                  | the Orb.
     0 | Abyss:1  | Reached XP level 1. HP: 20/20 MP: 2/2
     3 | D:1      | Escaped the Abyss
   128 | D:1      | Reached * piety under Lugonu
   224 | D:1      | Reached XP level 2. HP: 21/27 MP: 3/3
   613 | D:1      | Reached skill level 1 in Dodging
   899 | D:2      | Reached XP level 3. HP: 32/33 MP: 4/4
  1620 | D:2      | Noticed Sigmund
  1922 | D:3      | HP: 1/33 [adder (1)]
  1923 | D:3      | Succumbed to a kobold's poison

Illustrated notes

Levels and vault maps discovered:
D:1:      giann_wishing_wells, layout_basic, minmay_statues_item
D:2:      layout_loops_cross, zin_statuary, uniq_sigmund
D:3:      layout_basic, nicolae_dithmenos_shadow_blocks

Skill      XL: |  1  2 |
---------------+-------+-----
Dodging        | 1 |  1.1
Fighting       | |  3.6
Axes           | |  2.3
Armour         | |  1.9
Invocations    | |  2.6

Action                   || total
-------------------------++-------
Melee: Hand axe          ||    83
       Tailslap          ||     7
Invok: Depart the Abyss  ||     1
  Use: Scroll            ||     2
       Potion            ||     1
Armor: Leather armour    ||    32
Dodge: Dodged            ||    23
